 Dungeon Crawl Stone Soup version 0.18-a0-1639-g7533f42 (webtiles) character file.

1264 MenacingMecha the Nimble (level 8, -8/46 HPs)
             Began as a Tengu Monk on Mar 27, 2016.
             Was a Believer of Yredelemnul.
             Mangled by an orc warrior
             ... wielding a +0 long sword
              (19 damage)
             ... on level 7 of the Dungeon.
             The game lasted 00:27:43 (6130 turns).

MenacingMecha the Nimble (Tengu Monk)               Turns: 6130, Time: 00:27:44

Health: -8/46      AC:  9    Str: 12    XL:     8   Next: 52%
Magic:  9/9        EV: 11    Int: 11    God:    Yredelemnul [**....]
Gold:   283        SH:  0    Dex: 18    Spells: 0 memorised, 7 levels left

rFire  . . .     SeeInvis .     e - +0 flail
rCold  . . .     Gourm    .     m - +0 ring mail
rNeg   . . .     Faith    .     (no shield)
rPois  .         Spirit   .     (helmet restricted)
rElec  .         Dismiss  .     o - +0 cloak
rCorr  .         Reflect  .     (no gloves)
SustAt .         Harm     .     (boots unavailable)
MR     .....                    (no amulet)
Stlth  ++........               (no ring)
                                d - +3 ring of protection

@: not resistant to hostile enchantments, unstealthy
A: beak, talons 3, able to fly 1
a: Fly, Animate Remains, Recall Undead Slaves, Injury Mirror, Renounce Religion


You were on level 7 of the Dungeon.
You worshipped Yredelemnul.
Yredelemnul was pleased with you.
You were hungry.

You visited 2 branches of the dungeon, and saw 8 of its levels.

You collected 283 gold pieces.

Inventory:

Hand Weapons
 e - a +0 flail (weapon)
Armour
 m - a +0 ring mail (worn)
 o - a +0 cloak (worn)
 y - a +0 shield
Jewellery
 d - a +3 ring of protection (left hand)
 u - an uncursed amulet of regeneration {unknown}
Wands
 q - a wand of acid (11/15)
 s - a wand of flame (38/48)
Scrolls
 a - 3 scrolls of fear
 c - 3 scrolls of identify
 g - a scroll of teleportation
 l - a scroll of amnesia
 r - 4 scrolls of remove curse
Potions
 k - a potion of might
 p - a potion of invisibility
 t - a potion of flight
 w - 2 potions of heal wounds
Comestibles
 b - 2 bread rations
 f - 7 meat rations


   Skills:
 - Level 3.0 Fighting
 + Level 7.8 Maces & Flails
 + Level 8.2 Dodging
 - Level 2.0 Stealth
 - Level 4.4 Unarmed Combat


You had 7 spell levels left.
You didn't know any spells.

Dungeon Overview and Level Annotations

Branches:
Dungeon (7/15)             Temple (1/1) D:4

Altars:
Ashenzari
Fedhas
Gozag
Kikubaaqudgha
Makhleb
Nemelex Xobeh
Pakellas
Sif Muna
Trog
Xom
Yredelemnul
The Shining One

Annotations:
D:5 Dowan, Duvessa, Menkaure
D:7 orc warrior


Innate Abilities, Weirdness & Mutations

You have a beak for a mouth.
You have claws for feet.
You can fly.


Message History

Something hits you but does no damage.
The orc warrior hits you with a long sword!
In your confused state, you trip and fall back down the stairs.
You hear some strange, mumbled words.
A magic dart appears from out of thin air!
The magic dart hits you! The orc barely misses you.
The orc warrior hits you with a long sword!
Something hits you but does no damage. The orc hits you but does no damage.
In your confused state, you trip and fall back down the stairs.
You feel less confused.
You hear some strange, mumbled words.
A magic dart appears from out of thin air!
The magic dart hits you!
The orc warrior hits you with a long sword!
* * * LOW HITPOINT WARNING * * *
The orc hits you but does no damage. Something hits you but does no damage.
The orc warrior hits you with a long sword!!
You die...
Your body rises from the dead as a mindless zombie.

.......#.# #.###.##..........
.......#.###.###.(..........
########..........#.....###
#..####.#.......####.###.
#####..####.#Z..)....?.......
#........##.#.......#######..
#.....##.##'#.......#
###.....##......o.....#
#..............@{...###
#...............o...#(+
#...................###
#....######...........#
#....# #...........# #..).#
#...........# #....#
###+#+####>... ###### )...


You could see an orc warrior, an orc and a friendly orc zombie.

Vanquished Creatures
  2 ice beasts
  2 centaurs
  2 giant frogs (D:6)
  2 howler monkeys
  A crimson imp (D:5)
  A giant frog zombie (D:6)
  4 hounds
  A giant frog skeleton (D:4)
  An orc priest (D:4)
  2 orc wizards (D:4)
  An iguana (D:4)
  Terence (D:2)
  Jessica (D:2)
  Natasha (thrice) (D:2)
  4 worker ants
  A hound skeleton (D:6)
  An adder (D:2)
  A shadow imp (D:7)
  A dart slug (D:2)
  2 giant geckos
  11 orcs
  2 giant cockroaches
  3 goblins (D:1)
  9 hobgoblins
  3 kobolds
  A quokka (D:4)
  2 ball pythons
  4 bats
  2 giant newts
  5 rats
76 creatures vanquished.

Vanquished Creatures (collateral kills)
  An ice beast (D:6)
  A giant frog (D:6)
  A crimson imp (D:6)
  A centaur skeleton (D:4)
  2 iguanas (D:4)
  An adder (D:4)
7 creatures vanquished.

Vanquished Creatures (others)
  A giant frog zombie (D:6)
  A giant cockroach zombie (D:5)
2 creatures vanquished.

Grand Total: 85 creatures vanquished

Notes
Turn   | Place    | Note
--------------------------------------------------------------
     0 | D:1      | MenacingMecha the Tengu Monk began the quest for the Orb.
     0 | D:1      | Reached XP level 1. HP: 14/14 MP: 2/2
   679 | D:1      | Reached XP level 2. HP: 19/19 MP: 3/3
   703 | D:1      | Reached skill level 4 in Dodging
  1413 | D:2      | Noticed Jessica
  1427 | D:2      | Killed Jessica
  1427 | D:2      | Reached XP level 3. HP: 9/23 MP: 4/4
  1708 | D:2      | Found a blossoming altar of Fedhas.
  1718 | D:2      | Noticed Terence
  1762 | D:2      | Killed Terence
  1762 | D:2      | Reached XP level 4. HP: 18/28 MP: 5/5
  1914 | D:2      | Noticed Natasha
  1921 | D:2      | Killed Natasha
  1989 | D:2      | Noticed Natasha
  2000 | D:2      | Killed Natasha
  2000 | D:2      | Gained mutation: You can fly. [Tengu growth]
  2000 | D:2      | Reached XP level 5. HP: 24/32 MP: 6/6
  2114 | D:2      | Found a deep blue altar of Sif Muna.
  2609 | D:2      | Noticed Natasha
  2620 | D:2      | Killed Natasha
  2793 | D:3      | You fall through a shaft!
  2889 | D:4      | Found a staircase to the Ecumenical Temple.
  2898 | Temple   | Entered the Ecumenical Temple
  2945 | Temple   | Became a worshipper of Yredelemnul the Dark
  2945 | Temple   | Reached * piety under Yredelemnul
  2945 | Temple   | Reached ** piety under Yredelemnul
  3036 | D:4      | Reached skill level 5 in Dodging
  3059 | D:4      | Reached XP level 6. HP: 34/37 MP: 7/7
  3773 | D:4      | Reached skill level 5 in Maces & Flails
  3933 | D:4      | Found a sparkling altar of Nemelex Xobeh.
  4184 | D:5      | Entered Level 5 of the Dungeon
  4202 | D:5      | Reached skill level 6 in Dodging
  4202 | D:5      | Reached XP level 7. HP: 41/41 MP: 6/8
  4221 | D:5      | Noticed Duvessa
  4222 | D:5      | Noticed Dowan
  4521 | D:5      | Noticed Menkaure
  4870 | D:6      | Found a burning altar of Makhleb.
  4950 | D:6      | Reached skill level 7 in Dodging
  4963 | D:6      | Reached XP level 8. HP: 39/46 MP: 7/9
  5750 | D:7      | Reached skill level 8 in Dodging
  6130 | D:7      | Mangled by an orc warrior

Vault maps used:
D:1:      dpeg_arrival_stonehenge_8_columns, minmay_misc_feat_diagonals
D:2:      nicolae_overflow_crystal_walls, lemuel_doored_altar,
          kennysheep_pointless_box, minmay_misc_feat_pillars, uniq_natasha,
          uniq_jessica, uniq_terence
D:3:      st_stairs_8, supply_closet_lemuel
D:4:      nemelex_deck, minmay_temple_entry_mist, first_bread
D:5:      elyvilon_altar_3, zin_academy, grunt_temple_overflow_open,
          uniq_menkaure, uniq_duvessa
D:6:      old_standard_altar
D:7:      amethyst_killhole, grunt_tough_drop
Temple:   minmay_temple_bridge_a_8

Skill      XL: |  1  2  3  4  5  6  7  8 |
---------------+-------------------------+-----
Dodging        | 4 5 6 7 8 |  8.2
Maces & Flails | 2 3 4 5 6 7 |  7.8
Fighting       | |  3.0
Stealth        | |  2.0
Unarmed Combat | |  4.4

Action                   |  1- 3 |  4- 6 |  7- 9 || total
-------------------------+-------+-------+-------++-------
Melee: Unarmed           |    32 |       |       ||    32
       Club              |    58 |       |       ||    58
       Flail             |       |   121 |   127 ||   248
Invok: Animate Remains   |       |     4 |     7 ||    11
       Recall Undead Sla |       |     1 |     2 ||     3
 Abil: Fly               |       |     1 |       ||     1
  Use: Potion            |     2 |       |     6 ||     8
       Scroll            |       |     1 |     7 ||     8
 Stab: Sleeping          |     3 |       |     1 ||     4
       Distracted        |       |       |     2 ||     2
  Eat: Chunk             |     2 |     9 |     5 ||    16
       Pizza             |       |       |     1 ||     1
